AoeStats
← Roronoa Yolo

Arena

510568352Analyzed
2v2 RM · 1d ago on Oct 1, 2026· 49m 42s· 4 players
Game mode
Random Map
Map size
Medium (4 player)
Population
200
Speed
Normal
Resources
Standard
Victory
Conquest
Starting age
Dark Age
Ending age
Imperial Age
RankedLock teamsTeams togetherTeam positionsShared explorationLock speedFull tech treeHidden civsTurbo modeCheats
Victory
Defeat
🇩🇪 Romans · Germany
1787
+10
🇩🇪 Khmer · Germany
1717
+13
🇫🇷 Berbers · France
1691
-13
🇲🇽 Gurjaras · Mexico
1603
-10
Roronoa Yolo
10:40 Feudal Age
14:32 Castle Age
12:45 Double-Bit Axe
13:12 Horse Collar
16:24 Fletching
19:13 Bodkin Arrow
24:51 Ballistics
30:10 Imperial Age
29:11 Wheelbarrow
28:24 Loom
29:45 Bow Saw
31:10 Bracer
31:46 Heavy Plow
32:42 Padded Archer Armor
34:36 Chemistry
35:18 Murder Holes
37:59 Leather Archer Armor
38:40 Capped Ram
40:24 Hand Cart
39:54 Town Watch
42:48 Siege Engineers
43:41 Light Cavalry
44:31 Bloodlines
45:49 Scale Barding Armor
45:55 Forging
46:07 Forging
45:38 Heavy Camel Rider
47:43 Iron Casting
47:29 Chain Barding Armor
47:16 Husbandry
Raul.RF
3:11 Loom
10:48 Feudal Age
14:34 Castle Age
12:25 Double-Bit Axe
12:53 Horse Collar
13:06 Gold Mining
15:35 Bow Saw
17:15 Loom
20:54 Redemption
22:38 Sanctity
27:37 Wheelbarrow
30:35 Imperial Age
29:43 Hand Cart
29:26 Town Watch
29:35 Fletching
29:45 Padded Archer Armor
31:13 Bodkin Arrow
31:50 Leather Archer Armor
32:38 Chemistry
31:27 Elite Elephant Archer
33:06 Gold Shaft Mining
33:29 Thumb Ring
33:29 Bracer
37:32 Ballistics
37:23 Masonry
39:20 Scale Mail Armor
40:34 Hoardings
40:19 Conscription
41:38 Chain Mail Armor
42:24 Coinage
41:32 Light Cavalry
42:22 Bloodlines
42:13 Husbandry
42:25 Forging
43:12 Scale Barding Armor
42:28 Hussar
44:02 Heavy Camel Rider
45:39 Chain Barding Armor
46:26 Iron Casting
46:26 Kshatriyas
48:26 Heavy Scorpion
DasLetzte
10:46 Feudal Age
11:41 Double-Bit Axe
11:51 Horse Collar
14:29 Castle Age
15:32 Bow Saw
15:23 Heavy Plow
19:54 Wheelbarrow
20:00 Scale Mail Armor
21:31 Forging
21:37 Pikeman
23:10 Chain Mail Armor
23:29 Ballistics
24:47 Iron Casting
28:25 Stone Mining
28:28 Gold Mining
31:22 Imperial Age
29:01 Stone Mining
29:48 Gold Shaft Mining
29:03 Stone Mining
30:06 Hand Cart
29:53 Stone Mining
31:58 Heavy Scorpion
32:45 Siege Engineers
33:41 Chemistry
33:59 Coinage
33:39 Guilds
35:14 Ballistas
36:12 Banking
37:58 Blast Furnace
moppus
10:56 Feudal Age
11:18 Feudal Age
13:58 Castle Age
12:21 Horse Collar
12:55 Double-Bit Axe
15:04 Bow Saw
19:18 Heavy Plow
22:12 Loom
25:57 Wheelbarrow
32:16 Fortified Wall
33:02 Town Watch
34:53 Hand Cart
34:01 Light Cavalry
34:42 Husbandry
34:53 Bloodlines
38:51 Imperial Age
38:20 Scale Barding Armor
38:31 Masonry
38:55 Hussar
39:56 Chain Barding Armor
39:47 Forging
40:57 Cavalier
43:54 Plate Barding Armor
43:55 Iron Casting
48:53 Blast Furnace
48:15 Conscription
50:06 Gold Mining
50:07 Stone Mining
Connection lost

Rejoining the realm…

Still unreachable

The connection could not be restored.

Session expired

The server has moved on; the page needs a fresh start.